[Event "BSV-SCK IM 2022"]
[Site "Berlin"]
[Date "2022.04.09"]
[Round "3.3"]
[White "Glantz, Robert"]
[Black "Mcgowan, Daniel"]
[Result "1-0"]
[ECO "A47"]
[WhiteElo "2318"]
[BlackElo "2101"]
[Annotator "TA"]
[PlyCount "111"]
[EventDate "2022.04.08"]
[EventCountry "GER"]
[SourceTitle "playchess.com"]
[Source "ChessBase"]
[SourceQuality "1"]
[TimeControl "5400+30"]

1. d4 Nf6 2. Nf3 e6 3. Bf4 b6 4. e3 Bb7 5. Nbd2 c5 6. Bd3 cxd4 7. exd4 Be7 8. h3 d6 {[%emt 0:02:07] A47: 1 d4 Nf6 2 Nf3 b6: Torre, London and Colle Systems.} 9. O-O O-O 10. a4 {[%emt 0:04:31] [#]} Nc6 $146 {[%emt 0:16:58] The position is equal.} ({Predecessor:} 10... a6 11. c3 Nbd7 12. Re1 h6 13. Qe2 Re8 14. Nc4 Qc7 15. Bh2 Bf8 16. Ne3 Qc6 {1-0 (37) Praggnanandhaa,R (2608)-Martinez Alcantara,J (2620) Chess.com INT 2020}) 11. Re1 Rc8 12. Bf1 Re8 13. c3 h6 14. Bg3 (14. Bb5 {looks sharper.} Qd7 15. Qe2 Nd5 16. Bg3) 14... Nb8 15. a5 Bf8 16. axb6 axb6 17. Bb5 Bc6 18. Bxc6 Nxc6 19. Qb3 Qc7 20. Ra6 Nd7 (20... Nd5 $11 {is more appropriate.}) 21. Qb5 Ra8 22. Rea1 {[%emt 0:02:02] 0x0.0021bc9c0d0bdp-1022s more active pieces.} Rxa6 23. Rxa6 Rc8 24. Ra1 Nf6 25. c4 Nb8 26. Ra8 Qb7 27. Qa4 Nc6 28. Rxc8 Qxc8 29. b4 Qb7 30. Bf4 Nxd4 31. Nxd4 e5 32. Be3 {[%emt 0:00:29] [#] Strongly threatening Qc6.} exd4 33. Bxd4 Nh5 (33... Ne4 $1 $11 34. Nxe4 Qxe4) 34. Be3 (34. g3 $18) 34... d5 $16 35. Qd1 (35. c5 $16 bxc5 36. bxc5) 35... Nf6 $11 36. c5 bxc5 37. bxc5 Qb4 38. Nb3 {[%emt 0:00:54] Prevents d4.} Qc4 39. Nd2 Qb4 40. Nb3 {[%emt 0:00:57] Inhibits d4.} Qc4 41. Nd2 Qb4 42. c6 Qc3 43. Qa4 {[%emt 0:00:00] Black must now prevent Nf1.} Bd6 44. Nf3 Bc7 (44... Ne4 $11) 45. g4 Ne4 $2 (45... d4 $1 $11 46. Nxd4 Nd5) 46. Qb5 $2 ({Better is} 46. Kg2 $18) 46... Qc4 $2 (46... Qf6 $1 $14 47. Kg2 Qd8) 47. Qb7 $18 Bd6 48. Qd7 Qb5 49. Qe8+ Kh7 50. Qd7 (50. Qxf7 $6 Qxc6 51. Bd4 Qc7 52. Qf5+ (52. Qxd5 Qe7 $16) 52... g6 53. Qxd5 Qe7 $16) (50. Nd4 $142 Qb1+ 51. Kg2) 50... Kg8 $1 51. Kg2 ({Resist} 51. Qd8+ Kh7 52. c7 Bxc7 53. Qxc7 Qe8 $18) 51... Qb8 52. Nd4 {[%emt 0:01:50] [#] Threatens to win with Nf5.} Nf6 (52... g6 $142 53. Ne2 (53. Bxh6 Nc5 $11) 53... d4 54. Bxd4 Ng5) 53. Qb7 Ne8 54. Nb5 Qd8 55. Qd7 Qb8 (55... Be7 $18 56. Bb6 Qxd7 57. cxd7 Nf6 58. d8=Q+ Bxd8) 56. Nxd6 {[%emt 0:00:28] Weighted Error Value: White=0.27 (precise) /Black=0.50} 1-0

[Event "BSV-SCK IM 2022"]
[Site "Berlin"]
[Date "2022.04.09"]
[Round "3.4"]
[White "Eilenberg, Jonas"]
[Black "Schmidek, Emil"]
[Result "0-1"]
[ECO "D31"]
[WhiteElo "2135"]
[BlackElo "2383"]
[Annotator "NA RC"]
[PlyCount "78"]
[EventDate "2022.04.08"]
[EventCountry "GER"]
[SourceTitle "playchess.com"]
[Source "ChessBase"]
[SourceQuality "1"]
[TimeControl "5400+30"]

1. d4 d5 2. c4 e6 3. Nc3 a6 4. cxd5 exd5 5. Bf4 Nf6 6. e3 Bd6 7. Bg5 Be6 8. Nf3 Nbd7 9. Bd3 h6 10. Bh4 O-O 11. O-O c6 12. Rc1 Re8 13. Qc2 Qb8 14. Bg3 Bxg3 15. hxg3 Ng4 16. Ne2 Ndf6 17. Nf4 Qd6 18. Bf5 Bxf5 19. Qxf5 g6 20. Qc2 Ne4 21. Nd3 Kg7 22. Nfe5 Nxe5 23. Nxe5 c5 24. Nd3 c4 25. Nf4 h5 26. Kh2 b5 27. Rfe1 Nf6 28. Kg1 Re7 29. Qd2 Ne4 30. Qa5 Rh8 31. a4 g5 32. Nh3 f6 33. axb5 axb5 34. Ra1 Rb8 35. Rec1 b4 36. Ra4 Nd2 37. Qc5 Qxc5 38. dxc5 c3 39. bxc3 b3 0-1

[Event "BSV-SCK IM 2022"]
[Site "Berlin"]
[Date "2022.04.09"]
[Round "3.5"]
[White "Muse, Drazen"]
[Black "Eugene, Floryan"]
[Result "1/2-1/2"]
[ECO "C71"]
[WhiteElo "2325"]
[BlackElo "2404"]
[Annotator "TA"]
[PlyCount "25"]
[EventDate "2022.04.08"]
[EventCountry "GER"]
[SourceTitle "playchess.com"]
[Source "ChessBase"]
[SourceQuality "1"]
[TimeControl "5400+30"]

1. e4 e5 2. Nf3 Nc6 3. Bb5 a6 4. Ba4 d6 5. d4 b5 6. Bb3 Nxd4 7. Nxd4 exd4 8. c3 dxc3 9. Qd5 {[%emt 0:00:51][%csl Gb3][%cal Rd5f7] [#] The position is equal.} Be6 {[%emt 0:01:23] C71: Ruy Lopez: Deferred Steinitz Variation, sidelines.} 10. Qc6+ Bd7 11. Qd5 Be6 12. Qc6+ {[%emt 0:00:04] [#]} Bd7 $146 ({Predecessor:} 12... Ke7 13. Nxc3 Nf6 14. e5 dxe5 15. Be3 Nd7 16. Bg5+ Nf6 17. Rd1 Bd7 18. Nd5+ Ke8 19. Nxc7+ Ke7 20. Qd6# {1-0 (20) Koskinen,A-Harju,A Finland 1986}) 13. Qd5 {[%emt 1:20:48] An even fight not without its subleties.} 1/2-1/2

[Event "BSV-SCK IM 2022"]
[Site "Berlin"]
[Date "2022.04.10"]
[Round "4.1"]
[White "Vogel, Constantin"]
[Black "Eugene, Floryan"]
[Result "0-1"]
[ECO "E05"]
[WhiteElo "2209"]
[BlackElo "2404"]
[Annotator "TA"]
[PlyCount "68"]
[EventDate "2022.04.08"]
[EventType "tourn"]
[EventCountry "GER"]
[SourceTitle "playchess.com"]
[Source "ChessBase"]
[SourceQuality "1"]
[TimeControl "5400+30"]

1. c4 Nf6 2. Nf3 e6 3. g3 d5 4. Bg2 Be7 5. d4 O-O 6. O-O dxc4 7. Qc2 a6 8. a4 Bd7 9. Qxc4 Bc6 10. Bg5 Bd5 11. Qc1 {[%emt 0:02:33] E05: Open Catalan: 5 Nf3 Be7.} Nc6 12. Nbd2 Ne4 {[%emt 0:11:43] [#]} 13. Nxe4 $146 {[%emt 0:10:38] The position is equal.} ({Predecessor:} 13. Bxe7 Nxe7 14. Nxe4 Bxe4 15. Qf4 Bxf3 16. Bxf3 Nd5 17. Qc1 a5 18. Rd1 c6 19. Qc5 {½-½ (32) Cordova,E (2595)-Albornoz Cabrera,C (2559) Merida 2018}) 13... Bxe4 14. Bxe7 Qxe7 15. Qf4 f5 16. Rfc1 Rad8 17. e3 Rd6 18. h4 Nb4 19. Ne5 Bxg2 20. Kxg2 Nd5 21. Qf3 Rb6 22. Rc2 Rb3 {[%emt 0:00:40][%cal Of5f4] White must now prevent ...f4!} 23. Qe2 f4 24. exf4 Rxf4 25. Nd3 Rxd3 26. Qxd3 $16 Rxh4 (26... Rg4 $16 {is a better defense.} 27. Qb3 c6) 27. Qd2 ({Better is} 27. Qb3 $18 Qg5 28. Qxb7) 27... Rg4 $14 28. Rh1 Qf6 29. Rc4 {[%emt 0:03:04] [#]} (29. Qd1 $11 {remains equal.} Qg6 30. Re1) 29... Qg6 {[%emt 0:05:41] &Nero is more active.} (29... h5 $1 $17 {...h4 is the strong threat.} 30. Rb4 Nxb4 31. Qxb4 Rxd4 32. Qxb7 Qf5) 30. Kf1 Qe4 31. Rh4 (31. Rg1 $11) 31... Rxh4 $19 {[%emt 0:00:22][%mdl 64] Overworked Piece. Black is clearly winning.} 32. gxh4 Nf4 33. f3 Qxf3+ 34. Qf2 Qd1+ {[%emt 0:00:11] Weighted Error Value: White=0.58/Black=0.23 (precise)} 0-1

[Event "BSV-SCK IM 2022"]
[Site "Berlin"]
[Date "2022.04.10"]
[Round "4.3"]
[White "Mcgowan, Daniel"]
[Black "Eilenberg, Jonas"]
[Result "1/2-1/2"]
[ECO "C02"]
[WhiteElo "2101"]
[BlackElo "2135"]
[Annotator "RC"]
[PlyCount "50"]
[EventDate "2022.04.08"]
[EventType "tourn"]
[EventCountry "GER"]
[SourceTitle "playchess.com"]
[Source "ChessBase"]
[SourceQuality "1"]
[TimeControl "5400+30"]

1. e4 e6 2. d4 d5 3. e5 c5 4. c3 Qb6 5. Nf3 Nc6 6. Bd3 cxd4 7. O-O Bd7 8. Re1 Nge7 9. h4 a6 10. h5 Rc8 11. Ng5 h6 12. Nf3 Ng8 13. Nbd2 dxc3 14. bxc3 Na5 15. Rb1 Qa7 16. Nb3 Nxb3 17. Qxb3 Bc5 18. Nd4 b5 19. Be3 Ne7 20. Qd1 Bb6 21. Qg4 Rxc3 22. Rbd1 Kf8 23. Qf4 Ke8 24. Qg4 Kf8 25. Qf4 Ke8 1/2-1/2

[Event "BSV-SCK IM 2022"]
[Site "Berlin"]
[Date "2022.04.10"]
[Round "4.4"]
[White "Glek, Igor"]
[Black "Glantz, Robert"]
[Result "1-0"]
[ECO "B52"]
[WhiteElo "2476"]
[BlackElo "2318"]
[Annotator "TA"]
[PlyCount "105"]
[EventDate "2022.04.08"]
[EventType "tourn"]
[EventCountry "GER"]
[SourceTitle "playchess.com"]
[Source "ChessBase"]
[SourceQuality "1"]
[TimeControl "5400+30"]

1. e4 c5 2. Nf3 d6 3. Bb5+ Bd7 4. Bxd7+ Qxd7 5. O-O Nf6 6. Qe2 Nc6 7. Rd1 {[%emt 0:00:06] B52: Sicilian: Moscow Variation with 3...Bd7.} Rc8 8. d4 cxd4 9. Nxd4 {[%emt 0:00:13] The position is equal.} g6 10. Nf3 Bg7 11. Nc3 {[%emt 0:00:05] [#]} Qe6 $146 {[%emt 0:13:35] Inhibits e5.} ({Predecessor:} 11... Ng4 12. Nd5 O-O 13. h3 Nf6 14. c3 Rfe8 15. Nxf6+ Bxf6 16. Bf4 Bg7 17. Rd5 e5 {0-1 (42) Feliciano Ebert,V (2252)-Cubas,J (2474) Praia da Pipa 2014}) 12. Ng5 Qd7 13. f4 Qc7 14. Nb5 Qb8 15. c4 b6 16. Rb1 O-O 17. b3 a6 18. Nc3 b5 19. cxb5 {[%emt 0:12:49] [#]} axb5 (19... Nd4 $1 $15 20. Rxd4 Qb6) 20. Nxb5 $11 h6 21. Nf3 Nxe4 $1 22. Qxe4 {[%emt 0:00:37] a4 is the strong threat.} Qxb5 23. a4 Qb4 24. Qxb4 Nxb4 25. Bd2 Rb8 26. Re1 Rb7 27. a5 Rfb8 28. Bxb4 Rxb4 29. Rxe7 Bf8 30. Rd7 {[%emt 0:01:51] aiming for a6.} Rxb3 $2 (30... Ra8 $11) 31. Rxb3 $18 Rxb3 $11 {[%emt 0:00:05][%mdl 4096] Endgame KRB-KRN} 32. Nd4 $2 (32. a6 $18) 32... Ra3 (32... Rb4 $5 33. Nc6 Rc4 $11) 33. Nc6 Ra1+ {[%emt 0:01:35] White now steadily converts the win.} 34. Kf2 Kg7 (34... Rc1 $142 35. Rc7 Kg7) 35. Ke3 $16 Ra4 36. g3 h5 37. Kd3 {[%emt 0:00:31] &Bianco is more active.} h4 38. gxh4 Kf6 (38... Kg8 $16 {was necessary.} 39. Rd8 f6) 39. Rd8 $18 Bh6 (39... Ra3+ 40. Kc4 d5+ 41. Rxd5 (41. Kxd5 Bh6 $18) 41... Ra2) 40. Rxd6+ {[%emt 0:00:20] White is clearly winning.} Kf5 {[%emt 0:00:37] [#]} 41. a6 $1 Ra3+ 42. Kc4 Bxf4 43. Rd5+ Ke4 44. Ra5 Rxa5 45. Nxa5 {[%emt 0:00:00] KB-KN} Be3 46. Nb7 ({Weaker is} 46. Nc6 f5 $16) 46... Ba7 47. Nd6+ Ke5 48. Nxf7+ Ke6 49. Ng5+ Kd6 50. Kb5 Kd5 51. Nh7 Ke6 52. Kc6 Kf5 53. Nf8 {[%emt 0:00:00] Weighted Error Value: White=0.17 (very precise) /Black=0.34} 1-0

[Event "BSV-SCK IM 2022"]
[Site "Berlin"]
[Date "2022.04.10"]
[Round "4.5"]
[White "Ermitsch, Magnus"]
[Black "Mirzoev, Emil"]
[Result "0-1"]
[ECO "B13"]
[WhiteElo "2127"]
[BlackElo "2460"]
[Annotator "TA"]
[PlyCount "120"]
[EventDate "2022.04.08"]
[EventType "tourn"]
[EventCountry "GER"]
[SourceTitle "playchess.com"]
[Source "ChessBase"]
[SourceQuality "1"]
[TimeControl "5400+30"]

1. e4 c6 2. d4 d5 3. exd5 cxd5 4. Bd3 Nc6 5. c3 Qc7 6. Ne2 Bg4 7. O-O {[%emt 0:02:36] B13: Caro-Kann: Exchange Variation and Panov-Botvinnik Attack.} e6 8. f3 Bh5 9. Bf4 {[%emt 0:15:43] The position is equal. 9.Bf4 has become a bit dusty these days.} Bd6 10. Bxd6 Qxd6 11. Ng3 Bg6 12. f4 Bxd3 13. Qxd3 f5 {[%emt 0:00:00] [#]} 14. Qe3 $146 ({Predecessor:} 14. Qe2 Kf7 15. Nd2 Nf6 16. Nf3 Ne4 17. Ne5+ Nxe5 18. fxe5 Nxg3 19. hxg3 Qe7 20. g4 {½-½ (33) Gonzalez Garcia,Z (2076)-Fernandez Vazquez,J (1957) Tenerife 2018}) 14... g6 15. Re1 Kf7 16. Nd2 Nf6 17. Rad1 Rhe8 18. c4 {[%emt 0:03:16] [#]} (18. Nh1 $11) 18... dxc4 (18... Ng4 $1 $17 19. Qc3 Qxf4) 19. Nxc4 $15 Qb4 20. Qc3 Qxc3 21. bxc3 {[%emt 0:00:07] Threatens to win with Nd6+.} Red8 {[%emt 0:00:00] Prevents Nd6+.} 22. Ne5+ Nxe5 23. fxe5 Nd5 24. c4 Nb6 25. Rb1 Rab8 26. c5 Nd5 27. Rec1 b5 28. a3 a5 29. Ne2 b4 {[%emt 0:00:00] &Nero is more active.} 30. axb4 axb4 31. Rb3 Rb5 (31... Ra8 $17 {Strongly threatening ...Ra2.} 32. Rcb1 Ke7) 32. Ra1 Rdb8 33. Kf2 g5 34. g3 R5b7 35. Ra6 Ke7 36. Nc1 h5 37. Nd3 Kf7 38. Nb2 Ne7 (38... Rd8 $11) 39. Nc4 $16 {[%emt 0:02:54] And now Nd6+ would win.} Rc7 40. Nd6+ ({White should play} 40. Ke3 $16) 40... Kg6 $1 $11 41. Rb6 Ra8 42. Nb5 Rc6 (42... Ra2+ 43. Ke1 Rc6 44. Rxb4 $14) 43. Rxb4 {[%emt 0:00:00] Hoping for Rb2.} Rxb6 44. cxb6 {[%emt 0:00:00][%mdl 4096] Endgame KRN-KRN} Nd5 $1 45. Rc4 (45. b7 Rb8 46. Rb1 Rxb7 $15) 45... Ra2+ 46. Kg1 Rb2 47. Nc7 {[%emt 0:00:00] aiming for Nxd5.} Ne3 48. Rc6 f4 49. gxf4 gxf4 50. h3 $2 (50. Nxe6 f3 51. Nf4+ (51. Nc5+ $2 Kg5 $19) 51... Kf5 $19) (50. Rxe6+ $11 Kg5 51. Rf6 Rb1+ 52. Kf2 Ng4+ 53. Kf3 Nxf6 54. exf6 Kxf6 55. Kxf4) 50... f3 51. Rxe6+ Kg5 52. Rf6 {[%emt 0:00:00] [#]} Rg2+ $1 53. Kh1 f2 54. Rxf2 Rxf2 55. b7 Rb2 {[%emt 0:00:00] ( -> ...Kf4)} 56. Ne6+ Kh4 57. Nf4 Rxb7 58. e6 Kg5 (58... Rb1+ $142 59. Kh2 Rb2+ 60. Kh1 Kg3 61. Nxh5+ Kf3 62. Nf6 Rb1+ 63. Kh2 Nf1+ 64. Kh1 Ng3+ 65. Kh2 Rh1#) 59. d5 Kxf4 60. d6 Kg3 {[%emt 0:00:00] Weighted Error Value: White=0.47/Black=0.16 (very precise)} 0-1

[Event "BSV-SCK IM 2022"]
[Site "Berlin"]
[Date "2022.04.11"]
[Round "5.1"]
[White "Mirzoev, Emil"]
[Black "Vogel, Constantin"]
[Result "1-0"]
[ECO "A28"]
[WhiteElo "2460"]
[BlackElo "2209"]
[Annotator "TA"]
[PlyCount "75"]
[EventDate "2022.04.08"]
[EventType "tourn"]
[EventCountry "GER"]
[SourceTitle "playchess.com"]
[Source "ChessBase"]
[SourceQuality "1"]
[TimeControl "5400+30"]

1. c4 Nf6 2. Nc3 e5 3. Nf3 Nc6 4. e3 Bb4 5. Qc2 O-O 6. Be2 {[%emt 0:00:56] A28: English Opening: Four Knights Variation.} Re8 7. O-O h6 8. d3 {[%emt 0:11:37] [#] The position is equal.} d5 $146 ({Predecessor:} 8... Bxc3 9. Qxc3 a5 10. b3 d6 11. Bb2 Qe7 12. a3 b6 13. Nd2 Bb7 14. Rae1 Qd7 {½-½ (43) Fabian,J (2250)-Obona,J (2105) Slovakia 2002}) 9. cxd5 Nxd5 10. a3 {[%emt 0:00:11] Black must now prevent Nxd5.} Bf8 11. b4 a5 12. b5 Na7 ({Black should try} 12... Nxc3 $14 13. Qxc3 Na7) 13. Nxd5 $16 Qxd5 14. a4 Qc5 15. Qd2 Bd7 16. Bb2 c6 17. Qxa5 Qc2 18. Qc3 ({Don't play} 18. Qd2 Qxd2 19. Nxd2 cxb5 $14) 18... Qxe2 {[%emt 0:04:37] [#]} (18... Qxc3 $16 19. Bxc3 f6) 19. Rfe1 (19. Rae1 $1 $18 Qxf1+ 20. Kxf1) 19... Nxb5 $1 $14 20. axb5 Rxa1 21. Bxa1 Qa2 22. Nxe5 Qd5 (22... Be6 $1 $14 {feels stronger.}) 23. bxc6 bxc6 24. Qd4 (24. Nxd7 $16 {[%cal Od7f6] Strongly threatening Nf6+!} Qxd7 25. Qc2) 24... Qxd4 25. Bxd4 c5 26. Nxd7 cxd4 $16 {[%emt 0:00:06][%mdl 4096] Endgame KRB-KRN} 27. e4 Bb4 28. Rb1 Ra8 29. g3 Bd6 {[%emt 0:01:52] [#]} 30. Rb6 $1 Ba3 31. Rb8+ Rxb8 32. Nxb8 $18 {[%emt 0:00:04] KB-KN} Kf8 33. Kg2 f6 34. Kf3 Bb2 35. e5 f5 (35... Kf7 36. exf6 gxf6) 36. g4 {[%emt 0:00:00] White is clearly winning.} fxg4+ 37. Kxg4 Kf7 38. Kf5 {[%emt 0:00:13] Weighted Error Value: White=0.12 (very precise) /Black=0.22 (precise)} 1-0

[Event "BSV-SCK IM 2022"]
[Site "Berlin"]
[Date "2022.04.11"]
[Round "5.2"]
[White "Glantz, Robert"]
[Black "Ermitsch, Magnus"]
[Result "1/2-1/2"]
[ECO "D04"]
[WhiteElo "2318"]
[BlackElo "2127"]
[Annotator "RC"]
[PlyCount "133"]
[EventDate "2022.04.08"]
[EventType "tourn"]
[EventCountry "GER"]
[SourceTitle "playchess.com"]
[Source "ChessBase"]
[SourceQuality "1"]
[TimeControl "5400+30"]

1. d4 d5 2. Nf3 c5 3. e3 Nf6 4. b3 Nc6 5. Bb2 Bg4 6. Be2 cxd4 7. Nxd4 Bxe2 8. Qxe2 e6 9. Nxc6 bxc6 10. O-O Be7 11. c4 O-O 12. Nc3 Qa5 13. Na4 Ne4 14. Rac1 Bf6 15. Ba3 Rfd8 16. Rfd1 Rab8 17. f3 Nd6 18. Bxd6 Rxd6 19. Qd2 Qa6 20. Nc5 Qb6 21. Ne4 Rdd8 22. Nxf6+ gxf6 23. cxd5 Rxd5 24. Qc3 Kg7 25. Kf2 Rbd8 26. Rxd5 Rxd5 27. Rc2 Qa6 28. a4 Rd1 29. Qc4 Qa5 30. Qg4+ Kh8 31. Kg3 Rd5 32. h4 Qe1+ 33. Kh2 c5 34. Qf4 Rf5 35. Qb8+ Kg7 36. Qg3+ Qxg3+ 37. Kxg3 Re5 38. Kf2 f5 39. Rd2 Rd5 40. Ke2 Kf6 41. Rc2 Ke5 42. Rc4 Kd6 43. g4 a5 44. gxf5 Rxf5 45. Rg4 Rh5 46. Kd3 f5 47. Rc4 e5 48. Ke2 Rh6 49. Kf2 Kd5 50. e4+ fxe4 51. Rxe4 Rb6 52. Re3 Rb4 53. Kg3 c4 54. bxc4+ Rxc4 55. Ra3 Kc5 56. h5 e4 57. fxe4 Rxe4 58. Rf3 Rxa4 59. Rf7 Rd4 60. Rxh7 a4 61. Ra7 Kb4 62. h6 a3 63. h7 Rd8 64. Kg4 Kb3 65. Kg5 a2 66. Kg6 Kb2 67. Rxa2+ 1/2-1/2

[Event "BSV-SCK IM 2022"]
[Site "Berlin"]
[Date "2022.04.11"]
[Round "5.3"]
[White "Eilenberg, Jonas"]
[Black "Glek, Igor"]
[Result "0-1"]
[ECO "A90"]
[WhiteElo "2135"]
[BlackElo "2476"]
[Annotator "TA"]
[PlyCount "96"]
[EventDate "2022.04.08"]
[EventType "tourn"]
[EventCountry "GER"]
[SourceTitle "playchess.com"]
[Source "ChessBase"]
[SourceQuality "1"]
[TimeControl "5400+30"]

1. d4 f5 2. Nf3 Nf6 3. g3 e6 4. Bg2 d5 5. O-O Bd6 6. c4 c6 {[%emt 0:00:05] 6...0-0 might become the main line.} 7. Nc3 O-O 8. Rb1 Nbd7 {[%emt 0:05:50] A90: Dutch Defence: Miscellaneous and Modern Stonewall (with ...Bd6).} 9. Qc2 Qe8 10. b4 a6 {[%emt 0:21:14] The position is equal.} 11. a4 Ne4 12. b5 axb5 13. axb5 Ndf6 {[%emt 0:00:52] [#]} 14. Ne5 $146 ({Predecessor:} 14. Bf4 Be7 15. Ne5 g5 16. Nxe4 Nxe4 17. Bc1 Nd6 18. Bd2 Nf7 19. Ra1 Rxa1 20. Rxa1 Nxe5 21. dxe5 dxc4 22. bxc6 bxc6 23. Qxc4 {1-0 (29) Lundvik,J (2204)-Wahlund,M (2023) Stockholm 2016}) 14... c5 15. e3 b6 16. Bb2 Bb7 {[%emt 0:03:40] [#]} 17. cxd5 (17. dxc5 $1 $14 Nxc5 (17... bxc5 18. Nxe4) 18. Ne2 (18. f4 Bxe5 19. fxe5 Ng4 $15)) 17... exd5 18. f3 Nxc3 19. Bxc3 g6 (19... Qe6 $142) 20. Qb2 c4 21. f4 Ra3 22. Ra1 (22. Bb4 $11 Bxb4 23. Qxb4 Rxe3 24. Nxc4) 22... Rb3 $17 23. Qd2 Qxb5 24. h3 (24. Ra7 $17 Bc6 25. Rfa1) 24... Ra8 (24... Ne4 $19 25. Bxe4 dxe4) 25. Rxa8+ $15 Bxa8 26. g4 $1 Bb4 27. Bxb4 Qxb4 28. Qxb4 Rxb4 29. Ra1 $1 Bb7 30. Ra7 {[%emt 0:00:15] [#] And now g5 would win.} c3 $1 31. Rxb7 c2 32. Rb8+ (32. Nd3 $11 {remains equal.} Rb3 33. Rc7 (33. Rb8+ Kf7 $17) 33... Rxd3 34. Rxc2) 32... Kg7 $17 33. Rb7+ Kf8 $1 34. Nd3 Rb3 35. Rc7 {[%emt 0:00:43] Threatens to win with Nc1.} Rxd3 36. Rxc2 fxg4 {[%emt 0:00:30][%mdl 4096] Endgame KRB-KRN} 37. Kf2 {[%emt 0:00:28] [#]} Rb3 $1 38. Ke2 {[%emt 0:01:22] [#]} g3 (38... h5 $1 $19 39. hxg4 hxg4) 39. Rc8+ $2 {[%emt 0:00:44][%mdl 8192] Now White is beyond hope.} (39. Kf3 $17) 39... Ke7 $19 40. Rc7+ Kd6 41. Rc2 h5 42. Rc8 $2 (42. f5 gxf5 43. Kf3) 42... Rb2+ {[%emt 0:00:00] Black is clearly winning.} 43. Kf1 b5 44. Rf8 Ke7 45. Rb8 b4 46. Rb7+ Ke6 47. Rb6+ Kf5 {[%emt 0:00:00] ...Ne4 is the strong threat.} 48. Rb5 b3 {[%emt 0:00:00] Weighted Error Value: White=0.54/Black=0.13 (very precise)} 0-1

[Event "BSV-SCK IM 2022"]
[Site "Berlin"]
[Date "2022.04.11"]
[Round "5.4"]
[White "Muse, Drazen"]
[Black "Mcgowan, Daniel"]
[Result "1-0"]
[ECO "C00"]
[WhiteElo "2325"]
[BlackElo "2101"]
[Annotator "RC"]
[PlyCount "119"]
[EventDate "2022.04.08"]
[EventType "tourn"]
[EventCountry "GER"]
[SourceTitle "playchess.com"]
[Source "ChessBase"]
[SourceQuality "1"]
[TimeControl "5400+30"]

1. e4 e6 2. f4 d5 3. e5 c5 4. Nf3 Nc6 5. c3 g6 6. Na3 a6 7. Nc2 Bg7 8. d4 cxd4 9. cxd4 Nge7 10. Bd3 Bd7 11. O-O Qb6 12. b4 O-O 13. Bd2 f6 14. Kh1 Rac8 15. a4 fxe5 16. fxe5 Nf5 17. Qe2 Qd8 18. g4 Nh6 19. h3 Nf7 20. b5 Na5 21. Bb4 Re8 22. bxa6 bxa6 23. Bxa6 Rb8 24. Bd3 Bc6 25. Ra2 Nc4 26. a5 Bf8 27. Bxf8 Rxf8 28. Ne3 Ng5 29. Kh2 Nxf3+ 30. Rxf3 Qg5 31. Rxf8+ Rxf8 32. Ng2 Qc1 33. Qc2 Qg5 34. Qd1 Qe7 35. a6 Qa7 36. Be2 Ra8 37. Nf4 Qf7 38. Nd3 Bb5 39. Qf1 Rxa6 40. Rxa6 Bxa6 41. Nc5 Bb5 42. Kg3 Qxf1 43. Bxf1 Kf7 44. Bxc4 Bxc4 45. g5 Ke7 46. Kf4 Bf1 47. h4 Bh3 48. Ke3 Bg4 49. Kd2 Bh3 50. Kc3 Ke8 51. Kb4 Ke7 52. Ka5 Ke8 53. Kb6 Ke7 54. Kc7 Bg4 55. Nd7 Kf7 56. Nf6 Bf5 57. Nxh7 Kg7 58. Nf6 Kf7 59. Kd6 Kg7 60. Ke7 1-0

[Event "BSV-SCK IM 2022"]
[Site "Berlin"]
[Date "2022.04.11"]
[Round "5.5"]
[White "Eugene, Floryan"]
[Black "Schmidek, Emil"]
[Result "0-1"]
[ECO "B11"]
[WhiteElo "2404"]
[BlackElo "2383"]
[Annotator "TA"]
[PlyCount "70"]
[EventDate "2022.04.08"]
[EventType "tourn"]
[EventCountry "GER"]
[SourceTitle "playchess.com"]
[Source "ChessBase"]
[SourceQuality "1"]
[TimeControl "5400+30"]

1. e4 c6 2. Nc3 d5 3. Nf3 Bg4 4. h3 Bxf3 5. gxf3 e6 6. d4 {[%emt 0:00:16] B11: Caro-Kann: Two Knights Variation.} Qb6 7. Qd3 {[%emt 0:15:05] [#]} Na6 $146 ({Predecessor:} 7... Ne7 8. Bd2 Nd7 9. O-O-O O-O-O 10. h4 h5 11. Bf4 Ng6 12. Bg3 Qa5 13. Bh3 Nb6 14. exd5 cxd5 15. Bxe6+ fxe6 16. Qxg6 {1-0 (40) Ivekovic,Z (2415)-Cop,T (2340) Bjelovar 2018}) 8. Be3 {[%emt 0:15:30] White is slightly better.} Qxb2 9. Rb1 {[%emt 0:00:10][%mdl 64] Deflection} Qa3 10. Rxb7 Nb4 11. Qd2 {[%emt 0:00:24] Black must now prevent Be2.} Be7 12. Be2 O-O-O {[%emt 0:04:02] [#]} 13. Rxe7 Nxe7 14. O-O $1 {[%emt 0:00:09] And now Rb1 would win.} Kd7 (14... Nxa2 $2 15. Nxa2 c5 16. Nc3 $18) 15. Bf4 {[%emt 0:00:57] Against Rb8} (15. Rb1 $5 ) 15... Na6 (15... Nxa2 16. Nxa2 Qxa2 17. Qb4 $14) 16. Nb1 Qxa2 (16... Qa4 $11) 17. Qc3 $1 $14 Rb8 $1 18. Bxb8 (18. Na3 $14 Qb2 19. Qa5 (19. Qxb2 Rxb2 20. Bxa6 Ng6 $11)) 18... Rxb8 $11 (18... Nxb8 $2 19. Na3 $18) 19. Nd2 {[%emt 0:02:50] aiming for Ra1.} Nb4 $132 {[%emt 0:04:12][%cal Ba6b4,Bb4d5,Bd5c7][%mdl 2080] Black is not keeping still} 20. Rb1 ({Much worse is} 20. Ra1 Qxc2 21. Rxa7+ Ke8 $15) 20... a5 21. Bd3 dxe4 $1 22. fxe4 (22. Bc4 $1 $11 {and White has nothing to worry.} Ned5 {[#]} 23. Qxb4 $1 Rxb4 24. Bxa2) 22... Nbd5 $1 $19 23. Qc5 $2 (23. exd5 Rxb1+ 24. Nxb1 Qxb1+ 25. Kh2) 23... Rxb1+ 24. Kh2 Nc7 25. Nc4 {[%emt 0:00:09] Threatens to win with Qd6+.} Rb7 $2 ({Black should play} 25... Rb4 $19 26. Ne5+ Ke8) 26. Ne5+ $1 $11 Ke8 27. Nxc6 Ncd5 28. Qd6 Nxc6 29. Qxc6+ Rd7 30. Bb5 $1 Nf6 {[%emt 0:00:05] Strongly threatening ...Qb2.} 31. d5 $1 {[%emt 0:02:01] d6 would kill now.} Qb2 (31... exd5 $2 32. e5 Qb2 33. Qc8+ (33. exf6 Qe5+ 34. Kg2 gxf6 $18) 33... Ke7 34. exf6+ Kxf6 35. Qc6+ (35. Bxd7 Qe5+ 36. Kg1 Qe1+ 37. Kg2 Qe4+ 38. f3 Qe2+ 39. Kg3 Qe1+ 40. Kg2 Qe2+ 41. Kg3 Qe1+ 42. Kg2 Qe2+ $11) 35... Kg5 36. Qxd7 $18) ({Better is} 31... Ke7 $11 32. Qc5+ Rd6 33. Qc7+ Nd7 34. Bxd7 Rxd7 35. d6+ Ke8 36. Qc8+ Rd8 37. Qc6+ Kf8) 32. Qc8+ $2 (32. d6 $14 Qe5+ 33. Kg1 Qg5+ 34. Kf1 Qxb5+ 35. Qxb5 Nxe4 36. Qxa5 Nxd6 37. Qb4) 32... Ke7 $19 {[%emt 0:00:06] Black is clearly winning.} 33. Qc5+ Rd6 34. Qc7+ Nd7 35. Bxd7 Qb6 {[%emt 0:01:26] Weighted Error Value: White=0.53/Black=0.30} 0-1